Map: Submarine LE

Players

Timothy - Winner!

  • Race: Terran Terran
  • League: Grandmaster
  • Spawn Location: 11:00

EON

  • Race: Zerg Zerg
  • League: Master
  • Spawn Location: 5:00

VOD

Have the link to the VOD?

Description

Time

  • Played on: Jan. 15, 2021, 10:40 p.m.
  • Length: 10:43
Show
View Real Time Build Order
Export as new Build Order

Timothy Terran - Winner!

Build Orders:  

Get SALT Encoding   

  12  0:00  SCV  
  13  0:13  SCV  
  14  0:18  Supply Depot  
  14  0:25  SCV  
  15  0:40  SCV  
  15  0:42  Barracks  
  16  0:44  Refinery  
  16  0:52  SCV  
  17  0:58  Barracks  
  17  1:04  SCV  
  18  1:16  SCV  
  19  1:28  Reaper  
  19  1:29  Orbital Command  
  20  1:34  Barracks  
  20  1:41  Refinery  
  20  1:45  Reaper  
  21  1:51  Supply Depot  
  21  1:55  SCV  
  22  2:04  Reaper  
  23  2:13  SCV  
  23  2:14  Supply Depot  
  24  2:18  Reaper  
  25  2:25  SCV  
  25  2:26  Reaper  
  27  2:37  SCV  
  27  2:38  Reaper  
  29  2:50  Reaper  
  30  2:53  SCV  
  31  2:59  Command Center  
  31  3:00  Reaper  
  31  3:05  SCV  
  33  3:08  Supply Depot  
  33  3:17  Reaper  
  34  3:20  SCV  
  34  3:25  Reaper  
  36  3:32  SCV  
  37  3:34  Reaper  
  37  3:38  Barracks x2  
  34  3:49  Reaper  
  34  3:50  SCV  
  35  3:58  Reaper  
  36  4:06  Reaper  
  37  4:10  SCV  
  37  4:11  Orbital Command  
  38  4:19  Refinery  
  38  4:21  Reaper  
  38  4:22  SCV  
  40  4:25  Reaper  
  40  4:26  Refinery, Reaper  
  42  4:32  Reaper  
  42  4:34  SCV  
  44  4:39  Reaper  
  44  4:40  SCV  
  46  4:46  SCV  
  46  4:52  SCV  
  48  4:53  Reaper  
  48  4:58  SCV  
  51  5:01  Barracks Tech Lab  
  51  5:02  Supply Depot, Barracks Tech Lab  
  51  5:04  SCV  
  51  5:10  SCV, Marine x2  
  54  5:16  SCV  
  54  5:17  Factory  
  54  5:21  Marine x2  
  56  5:22  SCV  
  56  5:23  Stimpack, Combat Shield  
  56  5:25  Marine  
  59  5:29  SCV  
  59  5:34  SCV  
  61  5:36  Marine x2  
  61  5:38  Marine  
  61  5:39  Engineering Bay x2  
  61  5:41  SCV  
  65  5:43  Supply Depot  
  65  5:46  Marine x2  
  65  5:47  Supply Depot  
  67  5:52  SCV  
  67  5:53  SCV  
  65  5:58  Marine x2  
  65  5:59  Marine  
  65  6:02  Starport  
  65  6:03  Factory Reactor  
  65  6:04  SCV, Marine x2  
  69  6:09  SCV  
  72  6:16  SCV, Marine x2, Terran Infantry Weapons Level 1  
  72  6:17  Terran Infantry Armor Level 1  
  72  6:18  Marine  
  76  6:25  Marine  
  76  6:26  Marine  
  77  6:33  SCV  
  77  6:34  Marine x2  
  77  6:35  SCV, Supply Depot  
  77  6:36  Marine  
  82  6:46  Marauder, SCV  
  82  6:47  Concussive Shells  
  85  6:49  Factory Tech Lab  
  85  6:50  SCV  
  86  6:57  Marine x4, Medivac x2  
  94  7:02  Supply Depot  
  94  7:03  Supply Depot  
  94  7:07  Marine  
  95  7:14  Marine  
  96  7:16  Armory  
  96  7:17  Marine  
  96  7:18  Marine  
  96  7:19  Siege Tank  
  96  7:22  Marine  
  101  7:26  Marine  
  101  7:29  Medivac  
  64  7:30  Medivac  
  104  7:34  Marine  
  107  7:40  Marine  
  107  7:45  Marine  
  107  7:49  Marine  
  108  7:52  Marine  
  108  7:53  Siege Tank  
  108  7:58  Marauder, Marine  
  114  8:01  Command Center  
  114  8:02  Marine  
  114  8:03  Supply Depot  
  118  8:13  Marauder  
  118  8:15  Marine  
  118  8:18  Supply Depot, Terran Infantry Armor Level 2  
  118  8:22  Marine x2  
  118  8:23  Medivac x2  
  118  8:24  Terran Infantry Weapons Level 2  
  118  8:26  Marine  
  125  8:33  Marine  
  125  8:34  Marine  
  125  8:40  Marine  
  127  8:42  Siege Tank  
  127  8:43  Marauder  
  131  8:57  Marine x3  
  131  9:00  Medivac x2  
  138  9:04  Marine, Factory  
  138  9:05  Marauder  
  140  9:15  Marauder, Marine  
  137  9:17  Marine  
  137  9:23  Marine  
  135  9:25  Siege Tank  
  135  9:26  Orbital Command  
  138  9:34  Marine  
  138  9:35  Marauder  
  140  9:39  Marine  
  140  9:40  Marauder  
  140  9:45  Orbital Command  
  141  9:49  Marine  
  141  9:50  Medivac x2  
  141  9:51  Factory Tech Lab  
  141  9:52  Marine  
  147  9:55  SCV  
  147  9:59  Marine  
  149  10:00  Marauder  
  149  10:01  Siege Tank  
  154  10:10  Marine x2  
  154  10:11  Marine  
  157  10:24  SCV, Marine  
  157  10:25  SCV  
  156  10:28  Supply Depot  
  156  10:29  Supply Depot  
Show
View Real Time Build Order
Export as new Build Order

EON Zerg 

Build Orders: Hatch First 

Get SALT Encoding   

  12  0:00  Drone  
  13  0:12  Overlord  
  13  0:16  Drone  
  14  0:31  Drone x2  
  16  0:48  Hatchery  
  15  0:51  Drone  
  15  0:54  Drone  
  17  0:58  Drone  
  18  1:13  Spawning Pool  
  18  1:15  Drone  
  18  1:19  Drone  
  19  1:28  Drone  
  20  1:40  Hatchery  
  20  1:43  Drone  
  20  1:59  Queen  
  20  2:00  Queen  
  24  2:10  Spine Crawler  
  23  2:18  Spine Crawler  
  22  2:29  Drone x2  
  24  2:30  Drone  
  24  2:35  Extractor, Queen  
  25  2:41  Queen  
  27  3:09  Drone  
  27  3:10  Drone x3  
  27  3:11  Queen  
  33  3:22  Drone x2  
  31  3:36  Drone x2  
  31  3:48  Drone x3  
  34  3:52  Overlord x2  
  34  3:58  Extractor  
  33  4:08  Overlord  
  31  4:10  Drone x2  
  31  4:11  Drone  
  31  4:14  Drone  
  31  4:15  Drone x2  
  37  4:22  Drone  
  37  4:23  Drone x2  
  40  4:28  Drone  
  40  4:29  Queen, Drone x2  
  45  4:35  Overlord  
  45  4:47  Drone  
  45  4:48  Roach Warren  
  45  4:49  Overlord  
  45  4:51  Drone  
  46  4:53  Drone  
  46  4:54  Drone  
  48  5:03  Overlord  
  48  5:18  Overlord  
  48  5:28  Roach x5  
  58  5:31  Roach  
  58  5:32  Roach x4  
  68  5:41  Lair  
  68  5:44  Drone x2  
  68  5:45  Extractor, Drone  
  68  5:46  Roach  
  68  5:47  Overlord x2  
  72  6:02  Ravager  
  73  6:05  Ravager  
  74  6:21  Drone x3  
  74  6:24  Extractor  
  76  6:26  Ravager  
  75  6:37  Glial Reconstitution  
  75  6:39  Roach  
  85  6:40  Roach x4  
  85  6:47  Drone  
  85  6:48  Drone  
  87  6:58  Drone  
  88  7:05  Roach  
  88  7:06  Roach x3  
  96  7:12  Hatchery  
  95  7:17  Ravager x2  
  97  7:33  Evolution Chamber  
  97  7:34  Overlord x3  
  96  7:52  Overlord  
  96  7:53  Overlord x2  
  96  7:54  Ravager  
  96  7:55  Ravager  
  100  7:58  Roach  
  100  7:59  Zerg Missile Weapons Level 1  
  100  8:03  Evolution Chamber  
  100  8:04  Roach x4  
  107  8:06  Overlord  
  107  8:07  Overlord  
  107  8:19  Roach  
  109  8:21  Drone x3  
  112  8:29  Roach  
  112  8:35  Zerg Ground Armor Level 1  
  112  8:36  Drone x4  
  112  8:38  Drone x2  
  112  8:39  Drone  
  119  8:43  Roach  
  119  8:47  Hydralisk Den, Roach x3  
  126  8:49  Ravager  
  126  8:50  Ravager  
  128  8:56  Ravager  
  128  8:58  Drone  
  128  8:59  Drone  
  128  9:01  Extractor  
  130  9:03  Drone x4  
  130  9:04  Extractor  
  125  9:17  Queen  
  125  9:18  Roach x3  
  125  9:19  Roach x2  
  125  9:24  Hydralisk x2  
  130  9:42  Drone  
  130  9:43  Drone x3  
  132  9:48  Drone  
  132  9:49  Queen, Drone x2  
  132  9:52  Drone x6  
  141  9:53  Drone x2  
  141  9:57  Hydralisk x2  
  147  10:03  Spore Crawler  
  147  10:05  Spine Crawler  
  145  10:07  Overseer  
  145  10:12  Hydralisk, Spore Crawler  
  145  10:13  Hydralisk x2  
  150  10:14  Overlord  
  150  10:15  Overlord x2  
  150  10:28  Hatchery  
Tags
 
Add a new tag
Caveats
  • Supply blocks, unpowered buildings, or Contaminate may cause inaccurate times.
  • Supply counts are checked every 10 seconds.